 Dungeon Crawl Stone Soup version bcrawl-1.34.4 (webtiles) character file.

Game seed: 13043432614416758674

151161 KristoblXynda the Cutter (level 4, -12/33 HPs)
             Began as a Kobold Gladiator on Oct 30, 2021.
             Mangled by a gnoll
             ... wielding a +0 flail
              (15 damage)
             ... on level 2 of the Dungeon.
             The game lasted 00:01:38 (1401 turns).

KristoblXynda the Cutter (Kobold Gladiator)         Turns: 1401, Time: 00:01:39

Health: -12/33     AC:  4    Str: 13    XL:     4   Next: 68%
Magic:  4/4        EV: 16    Int:  9    God:
Gold:   128        SH:  0    Dex: 16    Spells: 3/3 levels left

rFire    . . .     SeeInvis .   a - +0 rapier
rCold    . . .     Gourm    .   (shield restricted)
rNeg     . . .     Faith    .   b - +0 leather armour
rPois    .         Spirit   .   c - +0 helmet
rElec    .         Reflect  .   (no cloak)
rCorr    .         Harm     .   (no gloves)
MR       .....                  (no boots)
Stlth    ++........             (no amulet)
HPRegen  0.11/turn              (no ring)
MPRegen  0.09/turn              (no ring)

@: no status effects
A: small, talons 1, carnivore, mutation resistance 1, sense surroundings 2
a: no special abilities


You were on level 2 of the Dungeon.
You were completely stuffed.

You visited 1 branch of the dungeon, and saw 2 of its levels.

You collected 128 gold pieces.

Inventory:

Hand Weapons
 a - a +0 rapier (weapon)
Missiles
 d - 3 throwing nets {=f}
Armour
 b - a +0 leather armour (worn)
 c - a +0 helmet (worn)
 m - a +3 chain mail of cold resistance
Jewellery
 l - the ring "Miapsael" {+Fly rN+, unknown}
   (You found it on level 2 of the Dungeon)

   [ring of flight]

   It protects you from negative energy.
   It lets you fly.
Scrolls
 h - a scroll of teleportation {unknown}
 i - 3 scrolls of identify
 j - 3 scrolls of remove curse {unknown}
Potions
 f - a potion of heal wounds
 g - 2 potions of invisibility {unknown}
 k - a potion of curing {unknown}
Comestibles
 e - 8 rations {!d}


   Skills:
 + Level 3.9 Fighting
 + Level 4.9 Short Blades
 - Level 3.0 Throwing
 + Level 4.4 Dodging
 + Level 2.0 Stealth


You had 3 spell levels left.
You didn't know any spells.
Your spell library was empty.

Dungeon Overview and Level Annotations

Branches:
Dungeon (2/12)

Altars:


Innate Abilities, Weirdness & Mutations

You are small and have problems with some larger weapons.
You have sharp toenails.
You are carnivorous and can eat meat at any time.
You are somewhat resistant to further mutation.
You passively map the area around you.


Message History

You barely miss the gnoll.
The gnoll is heavily wounded.
The kobold barely misses you. The gnoll hits you with a +0 flail.
You closely miss the gnoll. Your kick misses the gnoll.
The gnoll is heavily wounded.
The kobold misses you. The gnoll barely misses you.
There are monsters nearby!
You barely miss the gnoll.
The gnoll is heavily wounded.
The kobold hits you but does no damage.
You hit the kobold.
The kobold is moderately wounded.
The gnoll hits you with a +0 flail. The kobold completely misses you.
You barely miss the kobold. Your kick misses the kobold.
The kobold is moderately wounded.
The kobold barely misses you. The gnoll hits you with a +0 flail!
* * * LOW HITPOINT WARNING * * *
You barely miss the kobold. The kobold completely misses you.
The gnoll hits you with a +0 flail!
You die...

* * ##.# * * ##...#* * * *
* # ..... , * , , .. .(.#
* * *...##..### , ,, ##
....... ,,**, , * ..#
,*#.K####.#.. * #.# * *
##..@ggg.... * #.#
##...####.#.# #.#
##.....## ,* * ##.##
##.......##,, ..
###...####.........###....
........)'.........'......
###..[####.........####...
##.## ##.......## #g#
##.....### * *


You could see 3 gnolls and a kobold.

Vanquished Creatures
  Terence (D:2)
  A gnoll (D:2)
  4 dart slugs
  A leopard gecko (D:1)
  4 giant cockroaches
  3 hobgoblins
  7 jackals
  4 bats
  6 frilled lizards
  3 goblins
  2 kobolds
  6 rats
42 creatures vanquished.

Notes
Turn   | Place    | Note
-------+----------+-------------------------------------------
     0 | D:1      | KristoblXynda the Kobold Gladiator began the quest for the
                  | Orb.
     0 | D:1      | Reached XP level 1. HP: 16/16 MP: 1/1
   187 | D:1      | Reached XP level 2. HP: 21/21 MP: 2/2
   517 | D:1      | Reached XP level 3. HP: 26/26 MP: 3/3
   911 | D:2      | Reached skill level 1 in Stealth
  1158 | D:2      | Noticed Terence
  1161 | D:2      | Reached XP level 4. HP: 33/33 MP: 4/4
  1183 | D:2      | Killed Terence
  1351 | D:2      | Got a wavering lead ring
  1401 | D:2      | Mangled by a gnoll

Skill      XL: |  1  2  3  4 |
---------------+-------------+-----
Throwing       | 3 |  3.0
Dodging        | 4 |  4.4
Stealth        | 1 2 |  2.0
Fighting       | |  3.9
Short Blades   | |  4.9

Action                   |  1- 3 |  4- 6 || total
-------------------------+-------+-------++-------
Melee: Rapier            |    72 |    41 ||   113
       Kick              |    13 |     9 ||    22
 Stab: Sleeping          |     2 |       ||     2
  Eat: Chunk             |    10 |     2 ||    12
Armor: Leather armour    |     9 |     9 ||    18
Dodge: Dodged            |    46 |    36 ||    82
